 Dungeon Sprint DCSS version 0.29.1-12-g30fa7ad0bf (webtiles) character file.

Game seed: 1104645951451304819

403 112233 the Carver (level 6, 0/55 HPs)
             Began as a Demonspawn Fighter on Dec 25, 2022.
             Was a Follower of Makhleb.
             Killed from afar by a gargoyle (25 damage)
             ... with a stone arrow
             ... in the Dungeon (Sprint IX: "|||||||||||||||||||||||||||||").
             The game lasted 00:01:54 (717 turns).

112233 the Carver (Demonspawn Fighter)               Turns: 717, Time: 00:01:54

Health: 0/55       AC:  7    Str: 16    XL:     6   Next: 55%
Magic:  6/6        EV: 11    Int:  9    God:    Makhleb [*.....]
Gold:   0          SH:  5    Dex: 17    Spells: 5/5 levels left

rFire   . . .      SeeInvis .   a - +0 long sword
rCold   . . .      Faith    .   c - +0 buckler
rNeg    . . .      Spirit   .   b - +0 scale mail
rPois   .          Reflect  .   (no helmet)
rElec   .          Harm     .   (no cloak)
rCorr   .          Rampage  .   (no gloves)
Will    .....      NoTele   +   (no boots)
Stlth   +.........              (no amulet)
HPRegen 0.18/turn               (no ring)
MPRegen 0.10/turn               (no ring)

@: no status effects
A: thin skeletal structure 1, ignite blood 1, spiny 2
a: Renounce Religion


You were in the Dungeon.
You worshipped Makhleb.
Makhleb was aware of your devotion.
You visited 1 branch

Inventory:

Hand Weapons
 a - a +0 long sword (weapon)
 m - a +2 scimitar of flaming
Armour
 b - a +0 scale mail (worn)
 c - a +0 buckler (worn)
 n - a +0 cloak
 o - a +0 helmet
 p - a +1 scale mail
Jewellery
 q - a +2 ring of evasion
 r - a +3 ring of strength
Wands
 l - a wand of roots (9)
Scrolls
 j - 2 scrolls of blinking
 k - 2 scrolls of amnesia
Potions
 e - 2 potions of curing
 h - 4 potions of magic


   Skills:
 + Level 7.1 Fighting
 * Level 8.3 Long Blades
 + Level 6.5 Armour
 + Level 5.4 Dodging
 - Level 3.2 Shields


You had 5 spell levels left.
You didn't know any spells.
Your spell library was empty.

Dungeon Overview and Level Annotations

Branches:
Dungeon (1/1)

Altars:
Cheibriados
Dithmenos
Fedhas
Gozag
Hepliaklqana
Kikubaaqudgha
Makhleb
Nemelex Xobeh
Okawaru
Qazlal
Ru
Sif Muna
Trog
Uskayaw
Vehumet
Wu Jian
Xom
Yredelemnul
Jiyva
Lugonu


Innate Abilities, Weirdness & Mutations

You have a somewhat thin skeletal structure. (Dex +2, Stealth+)
Your demonic aura sometimes causes spilled blood to erupt in flames.
You are mostly covered in sharp spines.


Message History

There is a viscous altar of Jiyva here.
There is a hazy altar of Hepliaklqana here.
There is an opulent altar of Gozag here.
There is a blossoming altar of Fedhas here.
There is a white marble altar of Elyvilon here.
You flicker back into view.
There is a shadowy altar of Dithmenos here.
There is a snail-covered altar of Cheibriados here.
There is a roughly hewn altar of Beogh here.
There is an open door to the Temple here.
Your extra speed is starting to run out.
There is an open door, spattered with blood here.
You feel yourself slow down.
There is an open door to the Dungeon, spattered with blood here.
You see here a +0 dagger.
You close the door, pushing everything out of the way.
You start resting.
A gargoyle opens the door.
It is wielding a +0 mace.
You feel better.
You closely miss the gargoyle.
The gargoyle is lightly damaged.
The gargoyle hits you with a +0 mace!
You hit the gargoyle but do no damage.
The gargoyle is lightly damaged.
The gargoyle closely misses you.
You hit the gargoyle but do no damage.
The gargoyle is lightly damaged.
The gargoyle hurls a stone arrow at you.
You block the stone arrow.
You feel better. The gargoyle is struck by your spines.
The gargoyle hits you with a +0 mace!
You hit the gargoyle but do no damage.
The gargoyle is moderately damaged.
The gargoyle hurls a stone arrow at you.
You block the stone arrow.
You hit the gargoyle.
The gargoyle is heavily damaged.
The gargoyle hurls a stone arrow at you.
The stone arrow hits you!!
You die...

▓▓▓
▓<▓
▓.▓
▓.▓
▓@▓
▓9▓
▓T▓
▓.▓
▓.▓
▓.▓
▓.▓
▓'▓
▓.▓


You could see a troll and a gargoyle.

Vanquished Creatures
  A yak (D)
  An acid dragon (D)
  A necrophage (D)
  A howler monkey (D)
  A jelly (D)
  A white imp (D)
  An ufetubus (D)
  A dart slug (D)
  A bat (D)
  A goblin (D)
  3 hobgoblins (D)
13 creatures vanquished.

Notes
Turn   | Place    | Note
-------+----------+-------------------------------------------
     0 | D        | 112233 the Demonspawn Fighter began the quest for the Orb.
     0 | D        | Reached XP level 1. HP: 18/18 MP: 1/1
    11 | D        | Reached skill level 2 in Long Blades
    81 | D        | Noticed a jelly
    81 | D        | Noticed a necrophage
    89 | D        | Gained mutation: Your demonic aura sometimes causes spilled
                  | blood to erupt in flames. [demonic ancestry]
    89 | D        | Reached XP level 2. HP: 17/25 MP: 2/2
    93 | D        | Reached skill level 3 in Long Blades
    93 | D        | Gained mutation: You have a somewhat thin skeletal
                  | structure. (Dex +2, Stealth+) [demonic ancestry]
    93 | D        | Reached XP level 3. HP: 14/31 MP: 3/3
    96 | D        | Killed a necrophage
    97 | D        | Reached skill level 5 in Fighting
    97 | D        | Reached skill level 5 in Long Blades
    97 | D        | Gained mutation: You are partially covered in sharp spines.
                  | [demonic ancestry]
    97 | D        | Reached XP level 4. HP: 13/39 MP: 4/4
    98 | D        | HP: 1/39 [white imp/puff of frost (12)]
   548 | D        | Found a snail-covered altar of Cheibriados.
   548 | D        | Found a shadowy altar of Dithmenos.
   548 | D        | Found a blossoming altar of Fedhas.
   548 | D        | Found an opulent altar of Gozag.
   549 | D        | Found a hazy altar of Hepliaklqana.
   550 | D        | Found a viscous altar of Jiyva.
   551 | D        | Found an ancient bone altar of Kikubaaqudgha.
   552 | D        | Found a corrupted altar of Lugonu.
   553 | D        | Found a burning altar of Makhleb.
   554 | D        | Found a sparkling altar of Nemelex Xobeh.
   555 | D        | Found an iron altar of Okawaru.
   556 | D        | Found a stormy altar of Qazlal.
   557 | D        | Found a sacrificial altar of Ru.
   558 | D        | Found a shimmering blue altar of Sif Muna.
   559 | D        | Found a bloodstained altar of Trog.
   560 | D        | Found a hide-covered altar of Uskayaw.
   561 | D        | Found a radiant altar of Vehumet.
   562 | D        | Found an ornate altar of the Wu Jian Council.
   563 | D        | Found a shimmering altar of Xom.
   564 | D        | Found a basalt altar of Yredelemnul.
   583 | D        | Became a worshipper of Makhleb the Destroyer
   617 | D        | Noticed an acid dragon
   617 | D        | Noticed a yak
   617 | D        | Noticed a gargoyle
   617 | D        | Noticed a troll
   622 | D        | Killed an acid dragon
   623 | D        | Reached skill level 6 in Long Blades
   623 | D        | Reached skill level 5 in Armour
   623 | D        | Reached XP level 5. HP: 27/46 MP: 5/5
   628 | D        | Reached skill level 7 in Long Blades
   634 | D        | Killed a yak
   634 | D        | Reached * piety under Makhleb
   635 | D        | Reached skill level 8 in Long Blades
   635 | D        | Reached skill level 5 in Dodging
   635 | D        | Gained mutation: You are mostly covered in sharp spines.
                  | [demonic ancestry]
   635 | D        | Reached XP level 6. HP: 33/55 MP: 6/6
   717 | D        | Killed from afar by a gargoyle

Illustrated notes

Levels and vault maps discovered:
D:        linesprint [early_d, line_temple, items_1, d_10, items_2, lair_1,
          lair_end, items_3, orc_1, orc_end, items_4, d_15, swamp_1, shoals_1,
          snake_1, spider_1, d_20, vaults_1, items_5, swamp_end, shoals_end,
          snake_end, spider_end, vaults_end, d_27, items_6, zot_1, zot_end,
          crypt_end, forest_end, elf_end, slime_end, tomb_end, abyss_end,
          pan_hell_end]

Skill      XL: |  1  2  3  4  5 |
---------------+----------------+-----
Long Blades    | 2 3 5 6 8 |  8.3
Armour         | 3 4 5 6 |  6.5
Shields        | 3 |  3.2
Fighting       | 4 5 6 7 |  7.1
Dodging        | 2 3 4 5 |  5.4

Action                   |  1- 3 |  4- 6 || total
-------------------------+-------+-------++-------
Melee: Long sword        |    27 |    25 ||    52
Evoke: Wand              |       |     1 ||     1
  Use: Potion            |     1 |     9 ||    10
 Stab: Invisible         |       |     1 ||     1
Armor: Scale mail        |    23 |     4 ||    27
Dodge: Dodged            |     9 |    15 ||    24
Block: Buckler           |     8 |     9 ||    17
